 Dungeon Crawl Stone Soup version 0.27.1-33-g824d729ab1 (webtiles) character file.

Game seed: 16436690241204634374

194 austinbyrn the Skirmisher (level 5, -5/34 HPs)
             Began as a Gargoyle Fighter on Dec 22, 2021.
             Killed by divine providence
             ... invoked by an orc priest
              (14 damage)
             ... on level 4 of the Dungeon.
             The game lasted 00:04:43 (4364 turns).

austinbyrn the Skirmisher (Gargoyle Fighter)        Turns: 4364, Time: 00:04:43

Health: -5/34      AC: 12    Str: 21    XL:     5   Next: 73%
Magic:  0/5        EV:  7    Int:  8    God:
Gold:   9          SH:  9    Dex:  9    Spells: 4/4 levels left

rFire    . . .     SeeInvis .   a - +0 flail
rCold    . . .     Faith    .   c - +0 kite shield
rNeg     + . .     Spirit   +   b - +0 scale mail
rPois    ∞         Reflect  .   (no helmet)
rElec    +         Harm     .   o - +0 cloak
rCorr    .         Rampage  .   (no gloves)
Will     .....                  (no boots)
Stlth    ..........             p - amulet of guardian spirit
HPRegen  0.11/turn              (no ring)
MPRegen  0.09/turn              (no ring)

@: no status effects
A: sickness immunity, AC +4, negative energy resistance 1, electricity
resistance, torment resistance 1, petrification resistance
a: no special abilities


You were on level 4 of the Dungeon.
You visited 1 branch of the dungeon, and saw 4 of its levels.

You collected 112 gold pieces.
You spent 103 gold pieces at shops.

Inventory:

Hand Weapons
 a - a +0 flail (weapon)
Missiles
 l - 10 poisoned darts (quivered)
Armour
 b - a +0 scale mail (worn)
 c - a +0 kite shield (worn)
 o - a +0 cloak (worn)
Jewellery
 p - an amulet of guardian spirit (around neck)
Wands
 g - a wand of charming (6)
 m - a wand of digging (2)
Scrolls
 e - 3 scrolls of identify {unknown}
 h - 3 scrolls of fog {unknown}
 i - a scroll of enchant armour {unknown}
 j - a scroll of teleportation {unknown}
 k - a scroll of torment {unknown}
Potions
 d - 2 potions of might
 f - a potion of mutation {unknown}
 n - a potion of attraction {unknown}


   Skills:
 + Level 4.4 Fighting
 * Level 4.3 Maces & Flails
 - Level 3.2 Armour
 + Level 4.4 Shields


You had 4 spell levels left.
You didn't know any spells.
Your spell library contained the following spells:

 Spells                   Type           Power      Damage    Failure   Level
 Summon Small Mammal      Summ           0%         N/A       99%         1
 Call Canine Familiar     Summ           0%         N/A       100%        3
 Gell's Gravitas          Tloc           0%         N/A       100%        3
 Lesser Beckoning         Tloc           0%         N/A       100%        3
 Summon Guardian Golem    Hex/Summ       0%         N/A       100%        3
 Teleport Other           Tloc           0%         N/A       100%        3


Dungeon Overview and Level Annotations

Branches:
Dungeon (4/15)
 Temple: D:4-7

Altars:
Fedhas
Uskayaw
Vehumet

Shops:
D:1 *   D:2 ([   D:3 *


Innate Abilities, Weirdness & Mutations

You are immune to sickness and miasma.
Your stone body is resilient. (AC +4)
You are immune to poison.
You resist negative energy. (rN+)
You are resistant to electric shocks. (rElec)
You are resistant to unholy torment.
You are immune to petrification.


Message History

You kill the orc!
The orc priest mumbles some strange prayers to Beogh against you.
Pain shoots through your body!
An orc wizard comes into view. It is wielding a +0 dagger.
The orc wizard shouts!
You hear a shout! x2
The orc priest hits you but does no damage.
An orc comes into view. It is wielding a +0 flail.
You closely miss the orc priest. You block the orc priest's attack.
The orc priest hits you but does no damage.
You barely miss the orc priest.
The orc priest hits you but does no damage.
You closely miss the orc priest.
The orc priest looks braver for a moment.
You block the orc priest's attack.
You hit the orc priest.
The orc priest is moderately wounded.
The orc wizard casts a spell at you.
The magic dart hits you but does no damage.
The orc priest calls down the wrath of Beogh upon you.
Beogh smites you!
You hear a shout!
You hit the orc priest.
The orc priest is heavily wounded.
You hear a shout! x2
An orc wizard comes into view. It is wielding a +0 dagger.
The orc priest drinks a potion.
The orc priest is healed!
A hobgoblin comes into view.
The orc wizard casts a spell at you. The magic dart hits you.
The orc wizard hits you but does no damage.
You block the orc's attack.
An orc comes into view. It is wielding a +0 mace.
The orc shouts!
You hear a shout!
The orc priest mumbles some strange prayers to Beogh against you.
Beogh smites you!
* * * LOW HITPOINT WARNING * * *
The orc throws a boomerang.
The boomerang barely misses you.
The orc priest mumbles some strange prayers to Beogh against you.
Beogh smites you!
You die...

... .# ## ##.##.#######. ###
... ............. ... ....
##.####...#..####..#
....######..#....#....>.....#
.................#..........#
......o...o#.....#..........#
.g..g.o...o.................#
..##....#@.<..###......(.#
#..)o........##....<...#
#..........##.#.##........#
#.#...#....##.#...........#
#.....................###.##
.......................# .#
................###....# ##
........................
............).#####.##.#


You could see an orc priest, 2 orc wizards and 2 orcs.

Vanquished Creatures
  Crazy Yiuf (D:3)
  Terence (D:3)
  An iguana (D:3)
  A hound skeleton (D:4)
  4 adders
  A worm (D:2)
  A dart slug (D:2)
  3 orcs
  6 ball pythons
  4 bats
  5 endoplasms
  3 giant cockroaches
  4 hobgoblins
  10 jackals
  2 quokkas
  A frilled lizard (D:2)
  5 goblins
  2 kobolds (D:3)
  3 rats
58 creatures vanquished.

Notes
Turn   | Place    | Note
-------+----------+-------------------------------------------
     0 | D:1      | austinbyrn the Gargoyle Fighter began the quest for the
                  | Orb.
     0 | D:1      | Reached XP level 1. HP: 14/14 MP: 1/1
   222 | D:1      | Reached XP level 2. HP: 5/19 MP: 2/2
   549 | D:1      | Found Fosomuf's General Store.
  1810 | D:2      | Reached XP level 3. HP: 21/23 MP: 3/3
  2470 | D:2      | Reached XP level 4. HP: 20/29 MP: 4/4
  2831 | D:2      | Found Ofutomotz's Antique Armour Emporium.
  2950 | D:2      | Found Dakat's Weapon Shoppe.
  3210 | D:3      | Found a blossoming altar of Fedhas.
  3234 | D:3      | Found a radiant altar of Vehumet.
  3478 | D:3      | Noticed Terence
  3486 | D:3      | Killed Terence
  3545 | D:3      | Found a runed translucent door.
  3546 | D:3      | Noticed Crazy Yiuf
  3651 | D:3      | Found a hide-covered altar of Uskayaw.
  3671 | D:3      | Reached XP level 5. HP: 24/33 MP: 5/5
  3804 | D:3      | Found Vatut's General Store.
  4127 | D:3      | Killed Crazy Yiuf
  4178 | D:2      | Bought a cloak for 103 gold pieces
  4364 | D:4      | Killed from afar by an orc priest

Illustrated notes

Levels and vault maps discovered:
D:1:      lightli_arrival_quake, layout_basic, serial_shops, nicolae_shop_trees
D:2:      layout_loops_cross, serial_shops, shop, shop_fountains,
          minmay_pentomino_s4
D:3:      layout_basic, mainiacjoe_overflow_chevrons, fedhas_altar_4,
          overflow_temple_1_default, serial_shops, nicolae_shop_trees,
          minmay_crystal_room, uniq_crazy_yiuf_cottage, uniq_terence
D:4:      layout_rooms, amcnicky_altar_gilded, okawaru_gym_becter, uniq_sigmund

Skill      XL: |  1  2  3  4  5 |
---------------+----------------+-----
Maces & Flails | 3 4 |  4.3
Fighting       | 4 |  4.4
Shields        | 4 |  4.4
Armour         | |  3.2

Action                   |  1- 3 |  4- 6 || total
-------------------------+-------+-------++-------
Melee: Flail             |   104 |   157 ||   261
Armor: Scale mail        |    67 |   124 ||   191
Dodge: Dodged            |    49 |    61 ||   110
Block: Kite shield       |    59 |    92 ||   151
